 Dungeon Crawl Stone Soup version 0.26-b1-32-g5d43845318 (webtiles) character file.

Game seed: 15078504273738523070

47 jmlagarto the Skirmisher (level 3, -1/29 HPs)
             Began as a Merfolk Abyssal Knight on Jan 12, 2021.
             Was a Follower of Lugonu.
             Slain by an orc
             ... wielding a cursed +0 hand axe
              (3 damage)
             ... on level 4 of the Dungeon.
             The game lasted 00:03:28 (1550 turns).

jmlagarto the Skirmisher (Merfolk Abyssal Knight)   Turns: 1550, Time: 00:03:29

Health: -1/29      AC:  5    Str: 13    XL:     3   Next: 70%
Magic:  4/4        EV:  7    Int: 11    God:    Lugonu [*.....]
Gold:   93         SH: 11    Dex: 13    Spells: 2/2 levels left

rFire    . . .     SeeInvis .   a - +2 spear
rCold    . . .     Faith    .   i - +0 tower shield
rNeg     . . .     Spirit   .   l - +0 ring mail
rPois    .         Reflect  .   (no helmet)
rElec    .         Harm     .   (no cloak)
rCorr    .         Rampage  .   (no gloves)
Will     .....                  (no boots)
Stlth    +.........             (no amulet)
HPRegen  0.09/turn              (no ring)
MPRegen  0.09/turn              (no ring)

@: no status effects
A: change form in water, swift swim, stealthy swim
a: Renounce Religion, Depart the Abyss


You were on level 4 of the Dungeon.
You worshipped Lugonu.
Lugonu was aware of your devotion.
You visited 1 branch of the dungeon, and saw 3 of its levels.
You visited the Abyss 1 time.

You collected 93 gold pieces.

Inventory:

Hand Weapons
 a - a +2 spear (weapon)
Missiles
 h - 13 poisoned darts (quivered)
Armour
 b - a +0 leather armour
 i - a +0 tower shield (worn)
 l - a +0 ring mail (worn)
Scrolls
 c - a scroll of remove curse {unknown}
 f - a scroll of immolation {unknown}
 k - a scroll of amnesia {unknown}
Potions
 g - a potion of degeneration
 j - a potion of curing


   Skills:
 + Level 3.5 Fighting
 + Level 3.3 Polearms
 + Level 1.4 Armour
 + Level 3.3 Dodging
 + Level 1.0 Shields
 + Level 2.2 Invocations


You had 2 spell levels left.
You didn't know any spells.
Your spell library was empty.

Dungeon Overview and Level Annotations

Branches:
Dungeon (2/15)

Altars:
Fedhas


Message History

The orc priest looks encouraged for a moment.
You hear an angry growl.
You hear a bark!
You hear a shout! x2
You hear a bark! x2; You hear a shout!
The orc barely misses you.
You feel better. You block the orc's attack.
The orc hits you with a +0 short sword.
* * * LOW HITPOINT WARNING * * *
The orc wizard points at itself and mumbles some strange words.
The orc wizard flickers and vanishes!
A goblin comes into view. It is wielding a +0 hunting sling.
The goblin shouts!
The goblin shoots a stone.
The stone hits you.
* * * LOW HITPOINT WARNING * * *
You see here a stone.
The goblin shoots a stone.
You block the stone.
You see here a stone.
You open the door.
The howler monkey hoots and howls with incredible vigour!
The orc hits you with a cursed +0 hand axe.
You die...

# .## ≈g ..# ≈≈.
#.####≈≈.
#.....≈≈.
###.###.....≈≈
+.._..'.#..##≈≈ #
#@......≈ ##
#o..###.#
.#######ho.#
........o#####$.
#......o......#
o##.........###.#
.....o.>....#
#..........#
#.......####


You could see an orc warrior, a howler monkey (catching breath), an orc priest,
2 orcs and a goblin.

Vanquished Creatures
  An adder (D:2)
  An ooze (D:2)
  2 worms (D:2)
  A dart slug (D:2)
  A ball python (D:1)
  3 giant cockroaches
  5 goblins
  A hobgoblin (D:1)
  4 bats (D:1)
  4 frilled lizards
  3 kobolds
  2 rats
28 creatures vanquished.

Notes
Turn   | Place    | Note
-------+----------+-------------------------------------------
     0 | Abyss:1  | jmlagarto the Merfolk Abyssal Knight began the quest for
                  | the Orb.
     0 | Abyss:1  | Reached XP level 1. HP: 18/18 MP: 2/2
    14 | Abyss:1  | Found a corrupted altar of Lugonu.
    39 | D:1      | Escaped the Abyss
   340 | D:1      | Reached XP level 2. HP: 21/24 MP: 3/3
   643 | D:1      | Reached skill level 1 in Armour
  1305 | D:2      | Reached XP level 3. HP: 26/29 MP: 4/4
  1514 | D:2      | Reached skill level 1 in Shields
  1527 | D:2      | You fall into a shaft and drop 2 floors!
  1539 | D:4      | Noticed an orc warrior
  1542 | D:4      | HP: 1/29 [orc wizard/puff of flame (8)]
  1550 | D:4      | Found a blossoming altar of Fedhas.
  1550 | D:4      | Slain by an orc

Illustrated notes

Levels and vault maps discovered:
D:1:      moated_graveyard_arrival, layout_loops_corners,
          minmay_misc_feat_doors, st_stairs_9
D:2:      layout_loops_ring, nicolae_qazlal_style_of_elements, uniq_robin
D:4:      kennysheep_goblin_castle, layout_basic, lemuel_doored_altar,
          lemuel_coloured_pillars_altar, serial_shops,
          nicolae_shop_overgrown_old_shop, minmay_misc_feat_roman,
          uniq_crazy_yiuf_cottage, uniq_grinder

Skill      XL: |  1  2  3 |
---------------+----------+-----
Armour         | 1 |  1.4
Dodging        | 3 |  3.3
Shields        | 1 |  1.0
Fighting       | |  3.5
Polearms       | |  3.3
Invocations    | |  2.2

Action                   || total
-------------------------++-------
Melee: Spear             ||   109
  Use: Scroll            ||     4
       Potion            ||     1
Armor: Leather armour    ||    39
       Ring mail         ||    10
Dodge: Dodged            ||    46
Block: Tower shield      ||    56
